 Dungeon Crawl Stone Soup version 0.31-a0-1227-g0136665373 (webtiles) character file.

Game seed: 5811078594568540690

24250 Joey1 the Severer (level 12, -14/119 HPs)
             Began as a Minotaur Berserker on Dec 14, 2023.
             Was a High Priest of Trog.
             Hit by a large rock thrown by a stone giant (35 damage)
             ... on level 12 of the Dungeon.
             The game lasted 00:29:32 (12310 turns).

Joey1 the Severer (Minotaur Berserker)             Turns: 12310, Time: 00:29:33

Health: -14/119    AC: 16    Str: 26    XL:     12   Next: 79%
Magic:  11/11      EV:  9    Int:  4    God:    Trog [*****.]
Gold:   725        SH:  7    Dex: 11    Spells: 11/11 levels left

rFire   . . .        R - +10 broad axe
rCold   . . .        U - +2 buckler
rNeg    . . .        S - +0 plate armour
rPois   .            (helmet restricted)
rElec   .            (no cloak)
rCorr   .            f - +0 pair of gloves
SInv    +            A - +1 pair of boots
Will    +....        (no amulet) Stlth
                     i - ring of willpower
HPRegen 0.39/turn    n - ring of see invisible
MPRegen 0.12/turn

%: no passive effects
@: no status effects
A: horns 2, retaliatory headbutt
a: Renounce Religion, Berserk, Trog's Hand, Brothers in Arms


You were on level 12 of the Dungeon.
You worshipped Trog.
Trog was extremely pleased with you.
You visited 1 branch of the dungeon, and saw 12 of its levels.
You also visited: Sewer and Bailey.

You collected 725 gold pieces.

Inventory:

Hand Weapons
 N - a +1 broad axe
 R - a +10 broad axe (weapon)
 X - a +0 war axe of flaming
Armour
 d - a +2 ring mail of fire resistance
 f - a +0 pair of gloves (worn)
 A - a +1 pair of boots (worn)
 S - a +0 plate armour (worn)
 U - a +2 buckler (worn)
Jewellery
 b - a ring of willpower
 i - a ring of willpower (left hand)
 k - a +6 ring of intelligence
 n - a ring of see invisible (right hand)
 r - a ring of flight
 F - a +6 ring of strength
 J - a ring of poison resistance
 V - a ring of ice
 W - a +5 ring of evasion
Wands
 t - a wand of light (3)
 B - a wand of flame (36)
 C - a wand of mindburst (12)
 D - a wand of charming (8)
 K - a wand of polymorph (8)
Scrolls
 e - a scroll of vulnerability {unknown}
 j - 3 scrolls of teleportation
 l - 2 scrolls of noise {unknown}
 m - a scroll of immolation
 s - a scroll of amnesia {unknown}
 v - 4 scrolls of enchant armour
 y - a scroll of revelation {unknown}
 z - a scroll of brand weapon {unknown}
 H - 2 scrolls of fear
 I - 9 scrolls of identify {unknown}
 L - 2 scrolls of blinking {unknown}
 O - 2 scrolls of fog {unknown}
 P - 2 scrolls of enchant weapon
 Y - a scroll of torment {unknown}
 Z - a scroll of poison {unknown}
Potions
 a - 2 potions of might {unknown}
 c - a potion of berserk rage {unknown}
 g - a potion of attraction {unknown}
 h - a potion of invisibility {unknown}
 o - 6 potions of curing
 p - a potion of ambrosia {unknown}
 q - 6 potions of heal wounds {unknown}
 w - 3 potions of haste {unknown}
 x - 3 potions of brilliance {unknown}
 E - 2 potions of degeneration {unknown}
 G - 2 potions of magic {unknown}
 M - 2 potions of mutation {unknown}
 Q - a potion of cancellation {unknown}
 T - 2 potions of enlightenment {unknown}


   Skills:
 - Level 15.0 Fighting
 - Level 18.0 Axes
 - Level 7.0 Armour
 - Level 7.0 Dodging
 - Level 5.0 Shields
 + Level 3.9 Evocations


You had 11 spell levels left.
You didn't know any spells.
Your spell library was empty.

Dungeon Overview and Level Annotations

Branches:
Dungeon (12/15)            Temple (0/1) D:6            Lair (0/5) D:10
    Orc (0/2) D:10          Sewer (visited)          Bailey (visited)

Altars:
Cheibriados
Gozag
Kikubaaqudgha
Nemelex Xobeh
Okawaru
Sif Muna
Uskayaw
Vehumet
Yredelemnul

Shops:
D:3 *   D:9 (   D:11 :

Annotations:
D:3 2 transporters, kaesle's ghost, amateur HOFi


Innate Abilities, Weirdness & Mutations

You have a pair of horns on your head.
You reflexively headbutt those who attack you in melee.


Message History

a howler monkey corpse; a howler monkey corpse A stone giant and a slime creature come into view.
Found 6 poisoned darts.
You hear the faint crackling of a very distant melting archway.
The stone giant shouts!
The slime creature quivers.
A slime creature comes into view.
An ettin comes into view.
It is wielding two +0 dire flails. 2 slime creatures come into view.
The slime creature quivers. x2
A slime creature comes into view.
You block the stone giant's attack.
You hit the stone giant but do no damage.
You hit the stone giant but do no damage.
You headbutt the stone giant, but do no damage.
The stone giant hits you!
You slice the stone giant!!
The stone giant is moderately wounded.
You block the stone giant's attack.
You slice the stone giant!! You headbutt the stone giant.
The stone giant is heavily wounded.
Two slime creatures merge to form a large slime creature.
The stone giant hits you but does no damage.
The stone giant hits you!
Two slime creatures merge to form a large slime creature.
The stone giant throws a large rock.
The large rock hits you!!
You hear a shout!
A large slime creature splits.
The stone giant throws a large rock.
The large rock hits you!!
Two slime creatures merge to form a very large slime creature.
Things that are here:
a howler monkey corpse; a howler monkey corpse Two slime creatures merge to form an enormous slime creature.
The stone giant throws a large rock.
The large rock hits you!!
* * * LOW HITPOINT WARNING * * *
There is a stone staircase leading up, spattered with blood here.
It was a potion of curing.
You feel better.
An enormous slime creature splits.
Two slime creatures merge to form a very large slime creature.
The stone giant throws a large rock.
The large rock hits you!!
You die...

#.# #.....# #.#
#.....# #.# ##...##
#.# ##.##
#.#########.#######
#.................#
##########.#######.
#[# ##@## ###.†.##
#......# #.#.C.##
#.##C######. #
#JJ......
#.....(...
#..##.##.# #..# ...


You could see a stone giant, an ettin, a very large slime creature and a large
slime creature.

Vanquished Creatures
  An orc warlord (Bailey)
  A hydra (D:12)
  A centaur warrior (D:11)
  3 two-headed ogres
  A boulder beetle (D:11)
  Pikel (D:5)
  An ugly thing (D:9)
  A centaur zombie (D:10)
  2 centaur skeletons (D:10)
  Jeremiah (D:8)
  An unseen horror (D:10)
  2 gargoyles
  3 kobold demonologists (D:10)
  An unseen horror skeleton (D:10)
  A hornet (D:11)
  A troll (D:12)
  Prince Ribbit (D:8)
  2 shadows
  A wraith (D:11)
  22 yaks
  A wyvern (D:8)
  3 steam dragons
  2 acid dragons (D:9)
  3 water moccasins
  12 orc warriors
  Pargi (Sewer)
  A sky beast (D:7)
  A black bear (D:8)
  2 ogres (D:5)
  8 centaurs
  4 lemures (D:5)
  5 kobold brigands
  7 bullfrogs
  A brain worm (Sewer)
  2 gnoll sergeants
  3 scorpions
  6 wights
  4 killer bees (D:9)
  4 electric eels (D:7)
  9 howler monkeys
  2 vampire bats (D:9)
  A spectral centaur (D:10)
  4 hounds
  10 orc priests
  3 jellies
  A sleepcap (D:4)
  Ijyb (D:4)
  2 iguanas
  Terence (D:2)
  6 orc wizards
  Natasha (twice) (D:2)
  Robin (D:2)
  14 gnolls
  A river rat (D:3)
  8 adders
  3 shadow imps
  2 white imps
  2 ufetubi (D:6)
  4 worms
  A dart slug (D:2)
  35 orcs
  6 endoplasms
  2 giant cockroaches (D:2)
  30 goblins
  22 hobgoblins
  3 jackals (D:1)
  8 kobolds
  7 quokkas
  17 ball pythons
  11 bats
  5 frilled lizards
  15 rats
357 creatures vanquished.

Vanquished Creatures (collateral kills)
  A two-headed ogre (D:9)
  A shadow (D:9)
  An orc warrior (D:9)
  A centaur (D:9)
  An orc wizard (D:9)
5 creatures vanquished.

Grand Total: 362 creatures vanquished

Notes
Turn   | Place    | Note
-------+----------+-------------------------------------------
     0 | D:1      | Joey1 the Minotaur Berserker began the quest for the Orb.
     0 | D:1      | Reached XP level 1. HP: 19/19 MP: 0/0
    39 | D:1      | Reached XP level 2. HP: 27/27 MP: 1/1
    53 | D:1      | Reached skill level 4 in Axes
   285 | D:1      | Reached ** piety under Trog
   388 | D:1      | Reached XP level 3. HP: 32/33 MP: 2/2
   606 | D:1      | Found a faded altar of an unknown god.
   905 | D:2      | Reached XP level 4. HP: 40/40 MP: 3/3
  1067 | D:2      | Noticed Robin
  1078 | D:2      | Reached skill level 5 in Axes
  1085 | D:2      | Killed Robin
  1085 | D:2      | Reached *** piety under Trog
  1167 | D:2      | Noticed Natasha
  1172 | D:2      | Killed Natasha
  1229 | D:2      | Noticed Terence
  1238 | D:2      | Killed Terence
  1239 | D:2      | Reached XP level 5. HP: 47/47 MP: 4/4
  1469 | D:2      | Noticed Natasha
  1481 | D:2      | Killed Natasha
  1558 | D:2      | Reached skill level 6 in Axes
  1639 | D:3      | Noticed kaesle's ghost (amateur HOFi)
  1639 | D:3      | Found a transporter.
  1643 | D:3      | Noticed an ogre
  1646 | D:3      | Found a transporter.
  1667 | D:3      | Reached skill level 5 in Fighting
  1830 | D:3      | Found an opulent altar of Gozag.
  1833 | D:3      | Found Gozag's Platinum Reserve.
  1941 | D:3      | Found a glowing drain.
  1958 | Sewer    | Entered a sewer
  2006 | Sewer    | Reached skill level 7 in Axes
  2006 | Sewer    | Reached XP level 6. HP: 48/56 MP: 3/5
  2105 | Sewer    | Noticed Pargi
  2131 | Sewer    | Killed Pargi
  2405 | D:3      | Reached skill level 8 in Axes
  2584 | D:3      | Reached **** piety under Trog
  2630 | D:3      | Found a hide-covered altar of Uskayaw.
  2808 | D:3      | Found a sparkling altar of Nemelex Xobeh.
  2827 | D:3      | Found a radiant altar of Vehumet.
  3202 | D:4      | Reached XP level 7. HP: 61/61 MP: 6/6
  3560 | D:4      | Reached skill level 9 in Axes
  3578 | D:4      | Noticed Ijyb
  3593 | D:4      | Killed Ijyb
  3866 | D:5      | Entered Level 5 of the Dungeon
  3866 | D:5      | Noticed Pikel
  4012 | D:5      | Identified the +4 quarterstaff of the Eternal Void
                  | {protect, Fly rC+ Int+4 Stlth+}
  4036 | D:5      | Killed Pikel
  4037 | D:5      | Reached skill level 11 in Axes
  4037 | D:5      | Reached XP level 8. HP: 57/68 MP: 7/7
  4355 | D:5      | Reached skill level 12 in Axes
  4971 | D:6      | Found a snail-covered altar of Cheibriados.
  4999 | D:6      | Found an iron altar of Okawaru.
  5113 | D:6      | Found a shimmering blue altar of Sif Muna.
  5207 | D:6      | Reached skill level 13 in Axes
  5454 | D:6      | Found a staircase to the Ecumenical Temple.
  5463 | D:6      | Reached XP level 9. HP: 26/74 MP: 8/8
  5956 | D:6      | Reached skill level 14 in Axes
  6195 | D:7      | Found a flagged portal.
  6211 | Bailey   | Entered a bailey
  6398 | Bailey   | Reached ***** piety under Trog
  6569 | Bailey   | Noticed an orc warlord
  6617 | Bailey   | Killed an orc warlord
  6618 | Bailey   | Reached skill level 15 in Axes
  6618 | Bailey   | Reached XP level 10. HP: 77/91 MP: 9/9
  6780 | Bailey   | Reached skill level 16 in Axes
  6780 | Bailey   | Reached XP level 11. HP: 102/102 MP: 10/10
  7345 | D:7      | Found an ancient bone altar of Kikubaaqudgha.
  7840 | D:8      | Noticed Prince Ribbit
  7853 | D:8      | Reached skill level 1 in Shields
  7861 | D:8      | Killed Prince Ribbit
  7954 | D:8      | Noticed Jeremiah
  7970 | D:8      | Killed Jeremiah
  8330 | D:8      | Found a basalt altar of Yredelemnul.
  8602 | D:9      | Noticed a two-headed ogre
  8609 | D:9      | Killed a two-headed ogre
  8610 | D:9      | Reached skill level 17 in Axes
  8940 | D:9      | Reached skill level 5 in Shields
  8941 | D:9      | Received a gift from Trog
  9244 | D:9      | Found Fijaciut's Antique Weapon Boutique.
  9310 | D:9      | Noticed a two-headed ogre
  9314 | D:9      | Noticed a cyan ugly thing
  9317 | D:9      | Noticed a two-headed ogre
  9320 | D:9      | Killed a two-headed ogre
  9322 | D:9      | Reached skill level 18 in Axes
  9332 | D:9      | Killed a cyan ugly thing
  9335 | D:9      | Killed a two-headed ogre
  9767 | D:10     | Entered Level 10 of the Dungeon
  9774 | D:10     | Reached XP level 12. HP: 95/110 MP: 11/11
 10002 | D:10     | Found a staircase to the Orcish Mines.
 10309 | D:10     | Found a staircase to the Lair.
 10320 | D:10     | Noticed a two-headed ogre
 10327 | D:10     | Killed a two-headed ogre
 11011 | D:11     | Paralysed by a hornet for 2 turns
 11090 | D:11     | Noticed a centaur warrior
 11099 | D:11     | Killed a centaur warrior
 11271 | D:11     | Found Middy's Tremendous Tomes.
 11447 | D:11     | Noticed a boulder beetle
 11456 | D:11     | Killed a boulder beetle
 11711 | D:11     | Reached skill level 15 in Fighting
 11713 | D:11     | Reached skill level 1 in Evocations
 12280 | D:12     | Noticed a six-headed hydra
 12291 | D:12     | Killed a three-headed hydra
 12298 | D:12     | Noticed a stone giant
 12298 | D:12     | Noticed an ettin
 12310 | D:12     | Hit by a large rock thrown by a stone giant

Illustrated notes

Levels and vault maps discovered:
D:1:      psy_arrival_dodecagon, layout_rooms,
          shapermc_ecumenical_altar_hornbeckon, serial_forest,
          infiniplex_forest_lined_ring, infiniplex_forest_lined_corner,
          infiniplex_forest_clump_large, infiniplex_forest_join,
          infiniplex_forest_zigzag_2, minmay_tetromino_i2
D:2:      minmay_chambers_of_twos, layout_loops_ring, uniq_natasha, uniq_robin,
          uniq_terence
D:3:      layout_loops_ring, nicolae_uskayaw_suspiria,
          nicolae_gozag_zags_fifth_avenue, amethyst_overflow_temple_binary,
          gammafunk_ghost_arena, cheibrodos_sewer_entry_sluice, serial_glass,
          glass_columns_a, glass_columns_a, minmay_misc_feat_rugged
D:4:      layout_basic, uniq_ijyb
D:5:      nicolae_cairo_tiling_large, layout_basic, uniq_pikel
D:6:      layout_gridville, mainiacjoe_overflow_surrounded_room,
          kennysheep_mini_moat, okawaru_gym_becter,
          minmay_temple_entry_proselytizer
D:7:      layout_cave_pods, kiku_gazebo_garden_becter, enter_bailey_3,
          serial_bayou_lake_a
D:8:      layout_rooms, kennysheep_little_box, chequers_serial_rivers_micro_b,
          uniq_jeremiah, uniq_prince_ribbit1
D:9:      layout_loops_cross, serial_shops, nicolae_lakefront_shop,
          roderic_batcave, hangedman_abyss_or_decor_passed, onia_ninara_cookie
D:10:     layout_stronghold, dpeg_oklobed_lair, orc_0_dummy,
          hangedman_weighted_door
D:11:     layout_basic, nicolae_shop_i_like_big_books
D:12:     minmay_chopped_fan, layout_loops_ring, portal_ice_cave_rime

Skill      XL: |  1  2  3  4  5  6  7  8  9 10 11 12 |
---------------+-------------------------------------+-----
Axes           | 4 5 7 8 11 13 15 16 18 | 18.0
Fighting       | 4 5 9 11 15 | 15.0
Armour         | 3 6 7 |  7.0
Dodging        | 3 6 7 |  7.0
Shields        | 5 |  5.0
Evocations     | 3 |  3.9

Action                     |  1- 3 |  4- 6 |  7- 9 | 10-12 || total
---------------------------+-------+-------+-------+-------++-------
  Melee: Hand axe          |    85 |   196 |   207 |       ||   488
         Headbutt          |     8 |    34 |    50 |    66 ||   158
         Punch             |     1 |     2 |     5 |       ||     8
         War axe           |       |       |    45 |     6 ||    51
         Broad axe         |       |       |    29 |   309 ||   338
 Invoke: Berserk           |       |     1 |     6 |       ||     7
         Trog's Hand       |       |     1 |       |       ||     1
         Brothers in Arms  |       |       |       |     1 ||     1
    Use: Scroll            |       |       |     4 |     1 ||     5
         Potion            |       |       |       |     2 ||     2
 Armour: Animal skin       |    11 |       |       |       ||    11
         Leather armour    |    12 |       |       |       ||    12
         Ring mail         |    25 |   133 |   137 |     1 ||   296
         Plate armour      |       |       |       |   211 ||   211
  Dodge: Dodged            |    58 |   120 |   101 |    99 ||   378
  Block: Buckler           |       |       |       |    61 ||    61

Table legend: (Time is in decaauts)
 A = Elapsed time spent in this place.
 B = Non-inter-level travel time spent in this place.
 C = Inter-level travel time spent in this place.
 D = Time resting spent in this place.
 E = Time spent auto-exploring this place.
 F = Levels seen in this place.
 G = Mean time per level.
                   A        B        C        D        E       F      G
               +--------+--------+--------+--------+--------+-----+--------+
         Total |  12258 |  11944 |    314 |   1457 |   8212 |  14 |  875.6 |
       Dungeon |  11274 |  10960 |    314 |   1201 |   7975 |  12 |  939.5 |
         Sewer |    358 |    358 |      0 |     47 |    196 |   1 |  358.0 |
        Bailey |    625 |    625 |      0 |    209 |     41 |   1 |  625.0 |
               +--------+--------+--------+--------+--------+-----+--------+

Top non-repeatable levels by time:
     D:9: 1271 daAuts
    D:10: 1230 daAuts
     D:6: 1221 daAuts
    D:11: 1061 daAuts
     D:7: 1057 daAuts
     D:5: 984 daAuts
     D:2: 967 daAuts
     D:3: 951 daAuts
     D:4: 945 daAuts
     D:1: 695 daAuts
     D:8: 676 daAuts
  Bailey: 625 daAuts
   Sewer: 358 daAuts
    D:12: 211 daAuts
